[Event "Benidorm Open-A 2022"]
[Site "Benidorm"]
[Date "2022.12.09"]
[Round "8.25"]
[White "Horcajada Reales, Guillermo"]
[Black "Kocak, Ediz"]
[Result "1-0"]
[ECO "D31"]
[WhiteElo "2081"]
[BlackElo "2115"]
[Annotator "TA"]
[PlyCount "87"]
[EventDate "2022.12.03"]
[EventType "swiss"]
[EventCountry "ESP"]
[SourceTitle "playchess.com"]
[Source "ChessBase"]
[SourceQuality "1"]
[TimeControl "5400+30"]

1. c4 e6 2. Nc3 d5 3. d4 Be7 4. Nf3 Nf6 5. g3 dxc4 6. Qa4+ Nbd7 7. Bg2 a6 8. Ne5 O-O {E02: Open Catalan: 5 Qa4+.} 9. Qxc4 Nxe5 10. dxe5 Nd7 {The position is equal.} 11. f4 {[#]} c5 $146 ({Predecessor:} 11... Rb8 12. a4 c5 13. Be3 Qc7 14. O-O b6 15. Rfd1 Bb7 16. Be4 Bxe4 17. Nxe4 b5 18. axb5 axb5 {½-½ (47) Kareva,N (2135)-Butkiewicz,L (2436) Wroclaw 2019}) 12. Be3 Qc7 13. O-O-O (13. O-O $11 {is more appropriate.}) 13... Rd8 14. Ne4 (14. Qb3 $11 {keeps the balance.}) 14... b5 $1 $17 15. Qc2 Bb7 16. h4 c4 (16... Rac8 {simplifies} 17. Kb1 Nb6 18. Rxd8+ Rxd8 19. h5 Nc4) 17. Ng5 Nf8 18. Bxb7 Qxb7 19. Qe4 {Prevents b4.} Qc7 20. f5 (20. Kb1 $15) 20... exf5 21. Qxf5 Bxg5 22. Bxg5 Rxd1+ 23. Rxd1 h6 24. Bf4 Rd8 {Inhibits e6.} (24... Ne6 $17 {And now ...Rc8 would win.} 25. Qe4 Rc8) 25. Rd6 Ne6 {Strongly threatening ...Rc8.} (25... c3 $5 26. Qd3 cxb2+ 27. Kxb2 Ne6 $15) 26. g4 $2 ({White should play} 26. Qe4 $15) 26... c3 $1 $19 {aiming for ...Rc8.} 27. g5 $2 (27. Rxd8+ Qxd8 28. bxc3) 27... hxg5 28. hxg5 cxb2+ $2 (28... Rc8 $19 {is more deadly.} 29. g6 cxb2+ 30. Kxb2 Qc3+ 31. Kb1 Qe1+ 32. Kb2 Qc3+ 33. Kb1 Qe1+ 34. Kb2 Qc3+) 29. Kxb2 $17 g6 30. Qd3 Rc8 (30... Nxf4 $2 31. Rxd8+ Kg7 32. Qd6 $18) (30... Kg7 $15 31. Rxd8 Qxd8) 31. Be3 (31. Rxe6 $1 $11 fxe6 32. Qxg6+ Kh8 33. Qh6+ (33. Qxe6 $2 Qc3+ 34. Kb1 Qe1+ 35. Kb2 Qxe2+ 36. Ka3 b4+ 37. Kxb4 Qb5+ 38. Ka3 Qa5+ 39. Kb3 Qc3+ 40. Ka4 Rc4+) 33... Kg8 34. Qxe6+ (34. Qg6+ Kh8 $11) 34... Kh8 35. Qf6+ Kg8 36. Qe6+ Kh8 37. Qf6+ Kg8 38. Qe6+) 31... b4 (31... Kg7 {feels hotter.} 32. Kb1 a5 33. Rd7 Qc6) 32. Bd2 ({White should try} 32. Kb1 $15) 32... Nc5 $19 33. Qc2 (33. Qb1 {was the only defense.}) 33... Qe7 $2 (33... Qa5 34. Kb1 Qc7 35. Qc4 $11 (35. Bxb4 $2 Qb7 $19)) (33... b3 $19 {and Black stays clearly on top. ( -> ...Na4+)} 34. Qd1 (34. Qc4 Na4+ 35. Ka3 Qxc4 36. axb3 Qxe2 37. e6 Nc3 38. Bxc3 Rxc3 39. Rd8+ Kg7 40. exf7 Kxf7 41. Rd4 Qe3 42. Rd7+ Ke6 43. Rg7 Rxb3+ 44. Ka2 Qd3) 34... Na4+ 35. Kb1 Qc5) 34. Bf4 (34. Rd5 $17 {is a better defense.} b3 35. axb3 Na4+ 36. bxa4 Rxc2+ 37. Kxc2) 34... Qe8 {White must now prevent ...Na4+.} 35. Kb1 $2 (35. Qd1) 35... Na4 $2 (35... Nb7 $19 36. Qd3 Nxd6 37. exd6 Qe6) 36. Qb3 $11 Nc3+ 37. Kb2 $2 (37. Ka1 $11 {and White stays safe.} Rc6 38. Qxb4) 37... Nxe2 $4 (37... Qb5 $19 {and all is fine.} 38. Ka1 Kg7) 38. Rxg6+ $18 (38. Qxb4 $2 Nxf4 39. Qa5 Qe7 $19) 38... Kh7 {[#]} 39. Rh6+ $1 (39. Rxa6 $2 Nxf4 40. Qe3 Qb5 $19) 39... Kg7 {[#]} 40. Qd3 $1 {Qh7+ would kill now.} Nxf4 (40... Rc6 41. e6) 41. Qh7+ {White mates.} (41. Qxa6 {leads to mate.} Qxe5+ 42. Kb3 Rc3+ 43. Ka4 Ra3+ 44. Kxb4 Nd5+ 45. Kc5 Nc7+ 46. Kb6 Rxa6+ 47. Kb7 Qb5+) 41... Kf8 42. Qh8+ Ke7 43. Qf6+ Kd7 44. Qd6# {Weighted Error Value: White=0.63/Black=0.59} 1-0

[Event "Benidorm Open-A 2022"]
[Site "Benidorm"]
[Date "2022.12.09"]
[Round "8.26"]
[White "Troffiguer, Olivier"]
[Black "Rodriguez Garcia, Manuel Francisco"]
[Result "0-1"]
[ECO "A15"]
[WhiteElo "2007"]
[BlackElo "2135"]
[Annotator "TA"]
[PlyCount "126"]
[EventDate "2022.12.03"]
[EventType "swiss"]
[EventCountry "ESP"]
[SourceTitle "playchess.com"]
[Source "ChessBase"]
[SourceQuality "1"]
[TimeControl "5400+30"]

1. Nf3 Nf6 2. c4 g6 3. b3 Bg7 4. Bb2 c5 5. e3 O-O 6. Be2 Nc6 7. O-O d5 8. cxd5 Qxd5 9. Nc3 Qf5 {A30: Symmetrical English: Double Fianchetto and Hedgehog.} 10. Qb1 Rd8 (10... Qxb1 {simplifies} 11. Raxb1 Rd8 12. Rfd1 b6) 11. Rd1 b6 {Black is slightly better.} (11... Qxb1 {simplifies} 12. Raxb1 b6 13. h3 Ne8) 12. h3 Qxb1 13. Raxb1 {[#]} Bf5 $146 ({Predecessor:} 13... Bb7 14. d3 Rac8 15. Ne1 e6 16. Bf3 Rd7 17. Kf1 Rcd8 18. Ke2 Nb4 19. Bxb7 Rxb7 {½-½ (102) Leenhouts,K (2443)-Arutinian,D (2552) Amsterdam 2019}) 14. d3 h5 15. Ng5 Nb4 16. e4 Bc8 17. a3 Nc6 18. Nf3 Ne8 (18... Ba6 $17) 19. Nd5 $15 e6 {Inhibits d4.} 20. Ne3 Nc7 21. Bxg7 Kxg7 22. b4 cxb4 (22... Nd4 $17 23. Kf1 Ncb5) 23. axb4 Nb5 24. Rdc1 {Inhibits Nc3.} Bb7 25. Nc4 Rac8 26. Bf1 Ncd4 27. Nxd4 Nxd4 28. Ne5 (28. f4 $11) 28... Rxc1 (28... f6 $15 29. Rxc8 Bxc8) 29. Rxc1 $11 {aiming for Rc7.} Rc8 {Prevents Rc7.} 30. Ra1 Ra8 31. Nc4 {Inhibits a5.} Kf6 32. f4 Ke7 33. Kf2 f6 34. Ra2 b5 {Inhibits g4.} 35. Na5 (35. Ke3 $5 Nc6 36. Na5 Nxa5 37. Rxa5 $11) 35... Bc6 36. Ke3 e5 37. fxe5 fxe5 38. Be2 Bd7 39. Bd1 Be6 40. Rb2 Rc8 $1 41. Nb3 (41. Kd2 $15) 41... Bxb3 $17 {Black is more active.} 42. Bxb3 {[%mdl 4096] Endgame [#] KRB-KRN} Rc1 $1 {Prevents Bd1.} 43. Bd5 $2 (43. h4 $17) 43... Ra1 $2 (43... Rc2 $19 44. Rxc2 (44. Ra2 $2 Rxa2 45. Bxa2 Nc2+ 46. Kd2 Nxb4 $19) 44... Nxc2+ 45. Kd2 Nxb4) 44. Rf2 $15 Ra4 45. Rb2 (45. Rf7+ $15 Ke8 46. Rg7) 45... Rxb4 $19 46. Rf2 (46. Ra2) 46... Ra4 $2 (46... a5 $19 {and Black stays clearly on top.} 47. Bf7 Rb1) 47. Rf7+ $17 Ke8 48. Rb7 (48. Rg7 $17) 48... a5 $19 {Strongly threatening ...Rb4.} 49. Bf7+ (49. Rb8+ $142 Ke7 50. Rb7+ Kf8 51. Rb8+ Ke7 52. Rb7+ Kd6 53. Rb6+ Kc5 54. Rxg6) 49... Kd8 50. Bxg6 $2 (50. g4 Ra1 51. gxh5) 50... h4 51. Bf5 Ra2 52. Bg4 {Against Re2+} b4 {Hoping for ...b3.} (52... Rxg2 $2 53. Rd7+ Ke8 54. Rd5 Rg3+ 55. Kf2 $19) 53. Rd7+ Ke8 54. Rd5 Nc2+ 55. Kd2 b3 (55... Nd4+ 56. Ke3 Nc2+ 57. Kd2 Nd4+ 58. Ke3 $17) (55... Na3+ $17 56. Ke3 Nc2+ 57. Kd2 Nd4+ 58. Ke3 Nc2+) 56. Rxe5+ (56. Kc3 $1 $11 Na1 57. Bd1 (57. Rxe5+ Kd8 $11)) 56... Kd8 $15 57. Kc3 a4 {With the idea ...Ne1.} 58. Be6 {[%cal Oe6b3] Threatens to win with Bxb3!} Na1 (58... Ne1 $15 59. Ra5 Nxg2) 59. Rb5 Rc2+ ({Black should play} 59... Rxg2 $11 60. e5 Nc2) 60. Kd4 $2 (60. Kb4 $1 $14 {was forced to keep a grip.}) 60... Rxg2 $2 ({Black should try} 60... b2 $19 61. Ba2 (61. Rb8+ $2 Kc7 $19) 61... Nb3+ 62. Ke5 Kc7) 61. Kd5 $2 {[%mdl 8192] [#]} (61. Rb8+ $15 Kc7 62. Ra8 (62. Rb5 $2 b2 $19)) 61... Kc7 $1 $19 {White must now prevent ...b2. Black is clearly winning.} 62. Kc4 b2 63. Kc3 {Inhibits Nb3.} Nb3 {Weighted Error Value: White=0.79/Black=0.48} (63... Rc2+ $142 64. Kd4 Nb3+ 65. Ke5 b1=Q) 0-1

[Event "Benidorm Open-A 2022"]
[Site "Benidorm"]
[Date "2022.12.09"]
[Round "8.27"]
[White "Parramon Ros, Francesc"]
[Black "Perez Candelario, Matias"]
[Result "0-1"]
[ECO "C24"]
[WhiteElo "2003"]
[BlackElo "2009"]
[Annotator "TA"]
[PlyCount "64"]
[EventDate "2022.12.03"]
[EventType "swiss"]
[EventCountry "ESP"]
[SourceTitle "playchess.com"]
[Source "ChessBase"]
[SourceQuality "1"]
[TimeControl "5400+30"]

1. e4 e5 2. Bc4 Nc6 3. d3 Nf6 4. Nc3 h6 5. Nf3 Bb4 6. O-O O-O 7. Nd5 Ba5 8. c3 d6 9. h3 {C55: Two Knights: 4 d3, 4 d4 exd4 5 e5 and Max Lange Attack.} Nxd5 {[#]} 10. exd5 $146 ({Predecessor:} 10. Bxd5 Ne7 11. Bb3 c6 12. Be3 Bc7 13. Qd2 Kh7 14. Bc2 f5 15. exf5 Bxf5 16. Nh4 d5 17. Nxf5 Nxf5 {0-1 (27) Vujosevics,E (1431)-Hetesi,Z (1501) Budapest 2011}) 10... Ne7 11. d4 {The position is equal.} e4 12. Nh2 c6 13. dxc6 ({White should try} 13. f3 $1 $11) 13... d5 ({Black should play} 13... bxc6 $15 14. d5 Rb8) 14. cxb7 $11 Bxb7 15. Bb3 Bc7 $36 {[%mdl 2048] Black fights for an advantage.} 16. f4 f5 17. Qh5 Kh7 {[%mdl 1024] Black has compensation.} 18. Bd2 a5 19. a3 $2 {[#]} (19. Rf2 $11) 19... Rb8 (19... Ba6 $19 20. Rf2 Qb8) 20. Ba2 (20. Bc2 $17) 20... Ba6 $19 21. Bc1 Bxf1 22. Nxf1 Qd6 23. g3 Rf6 24. Rb1 a4 {Black is more active.} 25. Be3 (25. Qe2 $17) 25... Qa6 {And now ...Rfb6 would win.} 26. Qd1 Rfb6 27. Bc1 Rg8 {[#] Hoping for ...g5.} 28. Kf2 $2 {Loses the game.} (28. h4 $17) 28... g5 29. b4 (29. fxg5 $142 hxg5 30. c4) 29... axb3 30. Rxb3 gxf4 31. gxf4 Rbg6 32. Rb2 Rg1 {Weighted Error Value: White=0.83/Black=0.15 (very precise)} 0-1

[Event "Benidorm Open-A 2022"]
[Site "Benidorm"]
[Date "2022.12.09"]
[Round "8.28"]
[White "Palomo Teruel, Xavier"]
[Black "Draghici Flutur, Gavril"]
[Result "1/2-1/2"]
[ECO "A25"]
[WhiteElo "2040"]
[BlackElo "2012"]
[Annotator "TA"]
[PlyCount "179"]
[EventDate "2022.12.03"]
[EventType "swiss"]
[EventCountry "ESP"]
[SourceTitle "playchess.com"]
[Source "ChessBase"]
[SourceQuality "1"]
[TimeControl "5400+30"]

1. c4 e5 2. Nc3 Nc6 3. g3 g6 4. d3 Bg7 5. e4 Nge7 6. Bg2 {A25: English Opening vs King's Indian with ...Nc6 but without early d3.} O-O 7. Nge2 Nd4 8. Nxd4 exd4 9. Ne2 c6 {[#]} 10. Bd2 $146 ({Predecessor:} 10. O-O d5 11. exd5 cxd5 12. Nf4 dxc4 13. dxc4 Re8 14. Nd3 Nc6 15. Bf4 Bf5 16. Qd2 {1-0 (44) Von Bahr,O (2364)-Jonsson,M (2297) Sweden 2014}) 10... f5 11. b4 fxe4 12. dxe4 d6 13. Nf4 Qe8 (13... c5 $14) 14. O-O $16 Qf7 15. Rc1 Bd7 16. a4 (16. c5 {looks sharper.} dxc5 17. bxc5 Qxa2 18. Ra1) 16... Kh8 17. a5 Rad8 18. Rc2 ({Better is} 18. Re1 $16) 18... b5 (18... c5 $11 {remains equal.}) 19. cxb5 c5 20. Qe2 (20. bxc5 $16 {aiming for c6.} Bxb5 21. cxd6) 20... Qe8 (20... Rb8 $1 $14) 21. bxc5 {White is more active.} (21. b6 $142) 21... Bxb5 22. Nd3 Nd5 23. Rb1 (23. cxd6 $1 $14 Nc3 24. Bxc3 dxc3 25. e5) 23... Nc3 $11 24. Bxc3 dxc3 25. c6 (25. e5 $1 $11 {was the only way to keep the balance.}) 25... Qxc6 $17 26. Ne5 $2 Bxe5 $2 (26... dxe5 27. Rxb5 Rd2 28. Rxd2 cxd2 29. Rd5 Qc1+ 30. Bf1 $15) (26... Bxe2 $19 27. Nxc6 Bd3) 27. Qxb5 $15 Qa8 28. Rd1 Rb8 {Against f4} 29. Qd3 Qc6 30. f4 Qc5+ 31. Kh1 Bg7 32. Rdc1 (32. e5 {simplifies} dxe5 33. Qxc3 Qxc3 34. Rxc3 exf4 35. Rc7) 32... Qxa5 33. e5 (33. Qxd6 $15 Rfd8 34. Qe7) 33... dxe5 $17 34. Qxc3 Qxc3 35. Rxc3 exf4 36. Rf3 fxg3 37. Rxf8+ Rxf8 38. hxg3 $19 {[%mdl 4096] Endgame KRB-KRB} Be5 39. Kh2 h5 40. Kh3 {Against h4} (40. Rc5 $17 Re8 41. Bc6) 40... Rb8 (40... g5 $19 {...g4+ is the strong threat.} 41. Rc5 g4+ 42. Kh2 Rf5) 41. Rc5 $17 Bf6 (41... Re8 $1 $17 42. g4 Bd6) 42. Rc6 Kg7 43. Rc7+ Kh6 44. Rxa7 Rb3 45. Bd5 Rd3 46. Be4 Re3 47. Ra6 $1 Kg7 48. Bd5 (48. Ra7+ $11 Kh6 49. Ra6) 48... Be5 $19 49. Re6 Rxg3+ 50. Kh4 (50. Kh2 {was the only defense.} Bf4 51. Kh1) 50... Rg4+ 51. Kh3 Bf6 52. Re8 (52. Re4 $142 Rg1 53. Kh2) 52... Rd4 53. Be6 Rd3+ 54. Kg2 Rd2+ 55. Kf3 g5 56. Rg8+ {[#]} Kh7 $1 57. Rf8 g4+ $2 (57... Kg6 $19 {And now ...Rd4 would win.} 58. Rg8+ Bg7) 58. Ke4 $2 (58. Bxg4 $11 hxg4+ 59. Kxg4) 58... Bg7 (58... Re2+ $142 59. Kd5 Kg6 60. Rg8+ Bg7) 59. Bf5+ Kh6 60. Rc8 Kg5 61. Rc5 g3 62. Kf3 {[#]} h4 $2 (62... Kh4 $1 $19 63. Be4 Bd4 64. Rxh5+ Kxh5 65. Kxg3 Kg5 66. Kf3 Rf2+ 67. Kg3 Rf6 68. Bf3 Rf8 69. Bd1 Be5+ 70. Kg2 Kh4 71. Be2 Bd4 72. Bf3 Rf6 73. Kf1 Rxf3+ 74. Ke1 Kg3 75. Kd2 Rc3 76. Kd1 Kf2 77. Kd2 Kf3 78. Kd1 Ke3 79. Ke1 Rc1#) 63. Bg4+ $2 ({White must play} 63. Be4+ $1 $11 Kf6 64. Kg4) 63... Kf6 64. Bh3 Kf7 65. Kg4 Bf6 ({Not} 65... g2 66. Bxg2 Rxg2+ 67. Kxh4 $15) 66. Kf3 {Prevents g2.} Rf2+ 67. Kg4 Rb2 {Hoping for ...g2.} ({Weaker is} 67... g2 68. Rc1 $11) 68. Kf3 {Inhibits g2.} Rb3+ 69. Kg2 Rb2+ 70. Kf3 Rf2+ 71. Kg4 $1 Kg6 {White must now prevent ...g2.} ({Stronger than} 71... g2 72. Rc1 $11) 72. Rc6 $2 (72. Rb5 $17) 72... Rh2 $2 (72... g2 $19 {is more deadly.} 73. Rc1 Bg5 74. Rc6+ Kg7 75. Bxg2 Rxg2+ 76. Kf3 Rg3+ 77. Ke4 h3) 73. Rc1 $17 Rf2 $2 (73... Re2 $17 74. Rg1 Re4+ 75. Kf3 Ra4) 74. Rc6 $1 $19 Kf7 $2 (74... g2 $19 75. Rc1 Bg5 76. Rc6+ Kg7 77. Bxg2 Rxg2+ 78. Kf5 h3) 75. Rb6 $2 (75. Rc5 $1 $11 Rd2 76. Rc1) 75... Rh2 76. Rb1 Ra2 77. Kf3 Ra3+ 78. Kg4 $2 (78. Kg2) 78... Kg6 $2 (78... g2 $1 $19 79. Rg1 Rg3+ 80. Kf4 Rxh3 81. Rxg2 Rg3) 79. Bg2 $17 Ra4+ 80. Kh3 Kf5 81. Rf1+ Ke5 82. Re1+ Kd6 83. Rd1+ Ke7 84. Re1+ Kf7 85. Rf1 Kg6 $2 (85... Rb4 $17 86. Rd1 Kg6) 86. Re1 $2 (86. Rb1 $1 $11) 86... Rb4 87. Rb1 Rxb1 $2 (87... Rd4 $17 88. Rb6 Kf5) 88. Be4+ $11 {The position is equal.} Kg5 89. Bxb1 Kf4 90. Bd3 {Weighted Error Value: White=0.51/Black=0.52} 1/2-1/2

[Event "Benidorm Open-A 2022"]
[Site "Benidorm"]
[Date "2022.12.09"]
[Round "8.29"]
[White "Slagboom, Leandro"]
[Black "Clemente Llamero, Roberto"]
[Result "1-0"]
[ECO "B12"]
[WhiteElo "2147"]
[BlackElo "1955"]
[Annotator "TA"]
[PlyCount "49"]
[EventDate "2022.12.03"]
[EventType "swiss"]
[EventCountry "ESP"]
[SourceTitle "playchess.com"]
[Source "ChessBase"]
[SourceQuality "1"]
[TimeControl "5400+30"]

1. e4 c6 2. d4 d5 3. f3 dxe4 4. fxe4 e5 5. Nf3 Bg4 6. c3 {B12: Caro-Kann: Advance Variation.} Nd7 7. Bd3 (7. dxe5 Bc5 $15) 7... Bd6 8. Na3 {White is slightly better.} Bxa3 9. bxa3 Ngf6 10. O-O (10. dxe5 Nxe5 11. Be2 Qxd1+ 12. Kxd1 O-O-O+ 13. Kc2 Rhe8 $17) 10... O-O 11. Rb1 (11. dxe5 Nxe5 12. Bc2 Qa5 $17) 11... Re8 {[#]} 12. Rxb7 $146 ({Predecessor:} 12. h3 Bh5 13. Rxb7 exd4 14. cxd4 Nxe4 15. Qc2 Ndf6 16. Bb2 Ng3 17. Rf2 Nge4 18. Rf1 {½-½ (71) Mosadeghpour,M (2486)-Asadli,V (2585) Dhaka 2021}) 12... exd4 13. cxd4 {[#] Black must now prevent e5.} (13. Qb3 Be6 14. Qc2 Nc5 15. cxd4 Nxb7 $17) 13... Nxe4 14. Bf4 Ndf6 15. Qb3 Be6 16. Qc2 Bd5 17. Rfb1 h6 18. Bc4 Nd6 {Pair of Knights!} (18... Bxc4 {simplifies} 19. Qxc4 Qd5 20. Qxd5 Nxd5 21. Bg3 a6) 19. Bxd5 Nxd5 20. Bxd6 {Dancing on a razor blade.} Qxd6 21. Ne5 Qxa3 22. Qf5 $40 {[%mdl 128] White has some attack.} ({Much worse is} 22. Nxc6 Rac8 23. Qf5 (23. Rxa7 $2 {perishes.} Qxa7 24. Nxa7 Rxc2 $19) (23. Qf2 f6 $17) 23... Qe3+ 24. Kf1 {[#]} (24. Kh1 $2 Qe1+ 25. Qf1 Qxf1+ 26. Rxf1 Rxc6 $19) 24... Rc7 $1 25. Rxc7 Nxc7 $15) (22. Nxf7 $2 Qe3+ 23. Qf2 Qxf2+ 24. Kxf2 Rf8 $19) 22... Qe3+ $1 23. Kh1 Nf6 $2 (23... Qf4 $11 24. Rxf7 (24. Qxf7+ Qxf7 25. Nxf7 Nc3 $15) 24... Qxf5 25. Rxf5 Rab8 26. Rxb8 Rxb8) 24. Rxf7 $18 Qe4 (24... Qg5 $142 25. Qxg5 hxg5) 25. Rxf6 {Weighted Error Value: White=0.07 (flawless) /Black=0.35} 1-0

[Event "Benidorm Open-A 2022"]
[Site "Benidorm"]
[Date "2022.12.09"]
[Round "8.30"]
[White "Perez Ruiz, Santiago"]
[Black "Minana Menor, Antonio"]
[Result "0-1"]
[ECO "D85"]
[WhiteElo "1966"]
[BlackElo "2102"]
[Annotator "TA"]
[PlyCount "52"]
[EventDate "2022.12.03"]
[EventType "swiss"]
[EventCountry "ESP"]
[SourceTitle "playchess.com"]
[Source "ChessBase"]
[SourceQuality "1"]
[TimeControl "5400+30"]

1. d4 Nf6 2. c4 g6 3. Nc3 d5 4. cxd5 Nxd5 5. e4 Nxc3 6. bxc3 Bg7 7. Be3 c5 8. Qd2 Qa5 9. Rc1 O-O 10. Nf3 Rd8 (10... cxd4 {simplifies} 11. cxd4 Qxd2+ 12. Nxd2 e6) 11. Bc4 {D85: Exchange Grünfeld: Unusual White 7th moves and lines with 7 Nf3.} Nc6 12. d5 e6 {[#]} 13. O-O $146 {The position is equal.} ({Predecessor:} 13. Qb2 exd5 14. exd5 Ne5 15. Nxe5 Bxe5 16. O-O Bf5 17. Rfd1 Qb4 18. Qb3 Qxb3 19. Bxb3 {½-½ (30) Huliak,P (1829)-Zdrazil,P (1793) Slovakia 2020}) 13... b5 14. Be2 c4 15. Rfd1 (15. Bg5 $5 ) 15... exd5 16. exd5 Ne7 17. d6 (17. Bg5 $11 Rd7 18. Bxe7 Rxe7 19. d6) 17... Nf5 ({Black should play} 17... Bb7 $1 $15) 18. Bf4 $1 $11 {g4 is the strong threat.} Qb6 19. Ng5 {Black must now prevent Qd5.} (19. g4 Nxd6 20. Rb1 (20. Bxd6 Bf8 $17) 20... Bb7 $1 21. Bxd6 Bf8 $17) 19... Bb7 {Inhibits Qd5.} (19... h6 $5 20. Ne4 g5 $11) 20. g4 $2 {[#] Prevents h6.} (20. Rb1 $11 Bf6 21. d7) 20... Nxd6 $1 $17 21. Bxd6 {[#] aiming for Qf4.} Be5 {Inhibits Qf4.} (21... Qc6 $2 22. Bf3 Qd7 23. Qf4 $18) (21... h6 $1 $17 22. Bf3 (22. Nf3 $2 Bf8 $19) 22... hxg5 23. Bxb7 Qxb7 24. Qxg5 Qf3) 22. Bxe5 $11 Rxd2 23. Rxd2 {Threatens to win with Rcd1.} f6 {Really sharp!} (23... Re8 $5 24. Bd4 (24. Rd6 $2 Qc5 $19) 24... Qc7 $15) 24. Bd4 ({Don't blunder} 24. Rd6 $2 Qc5 25. Rcd1 fxg5 $19) 24... Qd6 {[#]} (24... Qc7 $1 $11 {remains equal.} 25. Nh3 (25. Bxf6 $2 {is the wrong capture.} Qc6 $19) 25... h5) 25. Bf3 $2 (25. Be3 $1 $16 {is forced if you want to stay better.} Qe7 26. Nf3) 25... Bxf3 $19 26. Nxf3 Qf4 $1 {[%csl LRf3,LRg4] Inhibits h3.   Weighted Error Value: White=0.62/Black=0.25 (precise)} 0-1

[Event "Benidorm Open-A 2022"]
[Site "Benidorm"]
[Date "2022.12.10"]
[Round "9.1"]
[White "Saydaliev, Saidakbar"]
[Black "Van Foreest, Machteld"]
[Result "1/2-1/2"]
[ECO "E53"]
[WhiteElo "2376"]
[BlackElo "2206"]
[Annotator "TA"]
[PlyCount "60"]
[EventDate "2022.12.03"]
[EventType "swiss"]
[EventCountry "ESP"]
[SourceTitle "playchess.com"]
[Source "ChessBase"]
[SourceQuality "1"]
[TimeControl "5400+30"]

1. d4 Nf6 2. c4 e6 3. Nc3 Bb4 4. e3 O-O 5. Bd3 d5 6. Nf3 c5 7. cxd5 cxd4 8. exd4 exd5 9. O-O Bg4 10. h3 {B14: Caro-Kann: Panov-Botvinnik Attack with 5...e6 and 5...g6.} (10. Bg5 $5 ) 10... Bh5 11. Bg5 Be7 (11... Bxc3 $11 12. bxc3 Nbd7) 12. g4 $14 {White is slightly better.} Bg6 {[#]} 13. Bxf6 $146 ({Predecessor:} 13. Bxg6 hxg6 14. Qb3 Nc6 15. Qxb7 Na5 16. Qa6 Nc4 17. Rfe1 Nxb2 18. Qb7 Ba3 19. Bxf6 Qxf6 20. Nxd5 {1-0 (28) Postny,E (2605)-Osmak,I (2438) Chess.com INT 2020}) 13... Bxf6 14. Bxg6 hxg6 15. Qb3 Nc6 16. Rad1 ({Of course not} 16. Qxd5 $6 Nxd4 17. Nxd4 Bxd4 $11) 16... Kh8 (16... Qd7 $14) 17. Qxd5 (17. Nxd5 $2 {too greedy.} Na5 18. Qb5 a6 $19) ({White should try} 17. Qxb7 $16 Qd6 18. Nb5) 17... Qb6 18. Qb5 {Threatens to win with Qxb6.} (18. Na4 $5 Qa6 19. Nc5 $14) 18... Nxd4 19. Nxd4 Bxd4 20. Qxb6 Bxb6 21. Rd7 Rab8 (21... f5 $14) 22. Re1 Kg8 23. Nd5 Bd8 24. Re3 {White is much more active. The black rooks are badly placed.} (24. Ne7+ $16 Kh7 25. b4) 24... Bh4 $11 25. Rf3 a6 26. Ne7+ Kh7 27. Nd5 Kg8 28. Ne7+ Kh7 29. Nd5 Kg8 30. Ne7+ Kh7 {Weighted Error Value: White=0.17 (very precise) /Black=0.22 (precise)} 1/2-1/2

[Event "Benidorm Open-A 2022"]
[Site "Benidorm"]
[Date "2022.12.10"]
[Round "9.2"]
[White "Sarkar, Justin"]
[Black "Sattarov, Bobir"]
[Result "0-1"]
[ECO "C92"]
[WhiteElo "2350"]
[BlackElo "2433"]
[Annotator "TA"]
[PlyCount "84"]
[EventDate "2022.12.03"]
[EventType "swiss"]
[EventCountry "ESP"]
[SourceTitle "playchess.com"]
[Source "ChessBase"]
[SourceQuality "1"]
[TimeControl "5400+30"]

1. e4 e5 2. Nf3 Nc6 3. Bb5 a6 4. Ba4 Nf6 5. O-O Be7 6. Re1 b5 7. Bb3 d6 8. c3 O-O 9. h3 Bb7 10. d4 Re8 11. Ng5 Rf8 12. Nf3 Re8 13. Nbd2 Bf8 14. a4 h6 15. Bc2 exd4 16. cxd4 Nb4 17. Bb1 c5 18. d5 Nd7 19. Ra3 c4 20. Rae3 {C92: Closed Ruy Lopez: 9...Be6, Karpov and Flohr-Zaitsev Variations.} Nc5 (20... Rc8 {simplifies} 21. axb5 axb5 22. Nd4 Qb6) 21. b3 $1 Ncd3 22. Rf1 {The position is equal.} f5 23. bxc4 {[#]} fxe4 $146 ({Predecessor:} 23... bxc4 24. exf5 Bxd5 25. Nb3 Qf6 26. Nbd4 Bxf3 27. Nxf3 d5 28. Rxe8 Rxe8 29. Be3 Bd6 30. Bxd3 Nxd3 31. Nd4 Re4 {0-1 (40) Ongut,T (2185)-Sargsyan,S (2463) Porto Carras 2018}) 24. Rxe4 Rxe4 {[%mdl 64] [#] Remove Defender} 25. Nxe4 bxc4 26. Nc3 Qf6 27. Qd2 Qf7 (27... Bxd5 $2 28. Nxd5 Nxd5 29. Ba2 $18 (29. Bxd3 cxd3 30. Qxd3 Qf7 $14)) 28. Ne1 (28. Rd1 $15) 28... Nxc1 $17 ({Don't do} 28... Nxd5 29. Nxd3 cxd3 30. Nxd5 (30. Bxd3 Rc8 $14) (30. Qxd3 Nf6 $16) 30... Bxd5 31. Qxd3 $16 (31. Bxd3 Bc4 $14)) 29. Qxc1 Nxd5 30. Nxd5 Bxd5 31. Qc2 (31. Nc2 $142) 31... g6 $36 {[%mdl 2048] Black has strong initiative. Active counter play!} 32. f4 (32. Qd1 $17) 32... Re8 $19 33. Qxg6+ Qxg6 34. Bxg6 Re2 35. f5 $2 {White does not recover from this.} (35. Bf5 $17) 35... Be4 36. Bh5 {Against d5} Rb2 37. f6 $2 (37. Rf4 d5 38. Rg4+ Kh8 39. f6) 37... d5 {Black is clearly winning.} 38. f7+ Kg7 {Threatens to win with ...Bc5+.} 39. Rf4 Bc5+ {A strong pair of Bishops.} 40. Kf1 c3 {aiming for ...Kf8.} 41. Rg4+ (41. f8=B+ $142 Bxf8 42. Rf7+ Kg8 43. Rc7) 41... Kf6 {[#] ...Rf2+ is the strong threat.} 42. Rf4+ Kg5 {Weighted Error Value: White=0.64/Black=0.13 (very precise)} 0-1